3AAA
NOLENSVILLE KNIGHTS @ MONONGAHELA MONSTERS
09/15/2042
 
TOP OF THE 1ST
Nolensville Knights batting - Pitching for Monongahela Monsters : RHP Kenny Aarnoutse
Pitching: RHP Kenny Aarnoutse
Batting: LHB Jorge Mateu 0-0: Ball
1-0: Foul Ball, location: 2F
1-1: Ground out 5-3 (Groundball, 5, EV 105.6 MPH)
Batting: RHB Nick McGhee 0-0: Swinging Strike
0-1: Ball
1-1: Foul Ball, location: 2F
1-2: Ball
2-2: Ball
3-2: Fly out, F9 (Flyball, 9, EV 81.9 MPH)
Batting: LHB Brian Harmon 0-0: Ball
1-0: Called Strike
1-1: Fly out, F6 (Popup, 56, EV 51.9 MPH)
Top of the 1st over - 0 runs, 0 hits, 0 errors, 0 left on base; Nolensville 0 - Monongahela 0
BOTTOM OF THE 1ST
Monongahela Monsters batting - Pitching for Nolensville Knights : RHP Joe Holland
Pitching: RHP Joe Holland
Batting: SHB Aubrey Magee 0-0: Ball
1-0: Called Strike
1-1: Ball
2-1: Ball
3-1: Foul Ball, location: 2F
3-2: Base on Balls
Batting: LHB Todd Hunter 0-0: Swinging Strike
0-1: Called Strike
0-2: Ball
1-2: Strikes out swinging
Batting: LHB George Runnalls Balk!
Aubrey Magee to second
0-0: Ball
1-0: Ball
2-0: Ball
3-0: Base on Balls
Batting: RHB Adam Smith 0-0: Called Strike
0-1: Foul Ball, location: 2F
0-2: Foul Ball, location: 2F
0-2: Ball
1-2: Strikes out swinging
Batting: SHB Roger Dorn 0-0: Ball
1-0: Called Strike
1-1: Ground out 4-3 (Groundball, 4, EV 98.8 MPH)
Bottom of the 1st over - 0 runs, 0 hits, 0 errors, 2 left on base; Nolensville 0 - Monongahela 0
TOP OF THE 2ND
Nolensville Knights batting - Pitching for Monongahela Monsters : RHP Kenny Aarnoutse
Batting: RHB Omar Luoa 0-0: Ball
1-0: Foul Ball, location: 2F
1-1: Ball
2-1: Fly out, F8 (Line Drive, 8RM, EV 91.2 MPH)
Batting: LHB Juan Jimínez 0-0: Fly out, F8 (Flyball, 8LS, EV 89.4 MPH)
Batting: RHB Dave Maxwell 0-0: Ball
1-0: Ball
2-0: Foul Ball, location: 2F
2-1: Ball
3-1: Base on Balls
Batting: RHB Dale Goodman 0-0: Ball
1-0: Ball
2-0: Reached on error, E2 (Groundball, 15S, EV 68.1 MPH)
Dave Maxwell to third
Batting: RHB Ace Felder 0-0: Ball
1-0: Fly out, F7 (Line Drive, 7, EV 89.4 MPH)
Top of the 2nd over - 0 runs, 0 hits, 1 error, 2 left on base; Nolensville 0 - Monongahela 0
BOTTOM OF THE 2ND
Monongahela Monsters batting - Pitching for Nolensville Knights : RHP Joe Holland
Batting: LHB Alec Hall 0-0: Called Strike
0-1: Foul Ball, location: 2F
0-2: Ball
1-2: Foul Ball, location: 2F
1-2: Ball
2-2: Ball
3-2: Base on Balls
Batting: RHB Roger Snodgrass 0-0: Swinging Strike
0-1: Ball
1-1: Ball
2-1: Foul Ball, location: 2F
2-2: Ball
3-2: SINGLE (Groundball, 6MD, EV 97.5 MPH)
Alec Hall to second
Batting: SHB Hélio Capriati 0-0: Called Strike
0-1: Called Strike
0-2: SINGLE (Line Drive, 78S, EV 101.9 MPH)
Alec Hall to third
Roger Snodgrass to second
Batting: RHB Shao Qigang 0-0: Ball
1-0: Ball
2-0: Ball
3-0: Base on Balls
Alec Hall scores
Roger Snodgrass to third
Hélio Capriati to second
Batting: SHB Aubrey Magee 0-0: Called Strike
0-1: Foul Ball, location: 2F
0-2: Ball
1-2: Ball
2-2: Grounds into double play, U5-3 (Groundball, 5L, EV 99.4 MPH)
Roger Snodgrass scores
Shao Qigang to second
Batting: LHB Todd Hunter 0-0: Ball
1-0: Swinging Strike
1-1: Foul Ball, location: 2F
1-2: Strikes out looking
Bottom of the 2nd over - 2 runs, 2 hits, 0 errors, 1 left on base; Nolensville 0 - Monongahela 2
TOP OF THE 3RD
Nolensville Knights batting - Pitching for Monongahela Monsters : RHP Kenny Aarnoutse
Batting: RHB Juan Perales 0-0: Ball
1-0: Fly out, F3 (Popup, 3F, EV 70.6 MPH)
Batting: LHB Jorge Mateu 0-0: Called Strike
0-1: Swinging Strike
0-2: Ball
1-2: Strikes out swinging
Batting: RHB Nick McGhee 0-0: Foul Ball, location: 2F
0-1: Called Strike
0-2: SINGLE (Groundball, 4D, EV 94.4 MPH)
Batting: LHB Brian Harmon 0-0: Ball
1-0: Ball
2-0: Ball
3-0: Base on Balls
Nick McGhee to second
Batting: RHB Omar Luoa 0-0: Ball
1-0: Ball
2-0: Fly out, F3 (Popup, 3SF, EV 82.5 MPH)
Top of the 3rd over - 0 runs, 1 hit, 0 errors, 2 left on base; Nolensville 0 - Monongahela 2
BOTTOM OF THE 3RD
Monongahela Monsters batting - Pitching for Nolensville Knights : RHP Joe Holland
Batting: LHB George Runnalls 0-0: Ball
1-0: Ball
2-0: Ball
3-0: Called Strike
3-1: Base on Balls
Batting: RHB Adam Smith 0-0: Ball
1-0: Ball
2-0: Ball
3-0: Called Strike
3-1: Fly out, F8 (Line Drive, 8LD, EV 91.9 MPH)
Batting: SHB Roger Dorn 0-0: Swinging Strike
0-1: Ball
1-1: Ball
2-1: 2-RUN HOME RUN (Flyball, 9LD, EV 106.2 MPH), Distance : 340 ft
Batting: LHB Alec Hall 0-0: Foul Ball, location: 2F
0-1: Foul Ball, location: 2F
0-2: Fly out, F6 (Line Drive, 6, EV 72.5 MPH)
Batting: RHB Roger Snodgrass 0-0: Ball
1-0: Called Strike
1-1: Ground out 6-3 (Groundball, 6, EV 83.1 MPH)
Bottom of the 3rd over - 2 runs, 1 hit, 0 errors, 0 left on base; Nolensville 0 - Monongahela 4
TOP OF THE 4TH
Nolensville Knights batting - Pitching for Monongahela Monsters : RHP Kenny Aarnoutse
Batting: LHB Juan Jimínez 0-0: Ball
1-0: Ball
2-0: Ball
3-0: Called Strike
3-1: Fly out, F8 (Flyball, 8RD, EV 88.8 MPH)
Batting: RHB Dave Maxwell 0-0: Called Strike
0-1: Ball
1-1: Ball
2-1: Ground out 3-1 (Groundball, 34, EV 81.2 MPH)
Batting: RHB Dale Goodman 0-0: Ball
1-0: Ground out 5-3 (Groundball, 56, EV 78.8 MPH)
Top of the 4th over - 0 runs, 0 hits, 0 errors, 0 left on base; Nolensville 0 - Monongahela 4
BOTTOM OF THE 4TH
Monongahela Monsters batting - Pitching for Nolensville Knights : RHP Joe Holland
Batting: SHB Hélio Capriati 0-0: Swinging Strike
0-1: Ball
1-1: Called Strike
1-2: Ball
2-2: Fly out, F8 (Line Drive, 8LD, EV 93.8 MPH)
Batting: RHB Shao Qigang 0-0: Called Strike
0-1: Ball
1-1: Foul Ball, location: 2F
1-2: Ball
2-2: Foul Ball, location: 2F
2-2: Strikes out looking
Batting: SHB Aubrey Magee 0-0: Ball
1-0: Ball
2-0: Ball
3-0: Base on Balls
Batting: LHB Todd Hunter 0-0: Fly out, F6 (Popup, 6, EV 63.1 MPH)
Bottom of the 4th over - 0 runs, 0 hits, 0 errors, 1 left on base; Nolensville 0 - Monongahela 4
TOP OF THE 5TH
Nolensville Knights batting - Pitching for Monongahela Monsters : RHP Kenny Aarnoutse
Batting: RHB Ace Felder 0-0: Ground out 6-3 (Groundball, 6, EV 84.4 MPH)
Batting: RHB Juan Perales 0-0: Ball
1-0: Called Strike
1-1: Foul Ball, location: 2F
1-2: Ball
2-2: Strikes out looking
Batting: LHB Jorge Mateu 0-0: SINGLE (Groundball, 34D, EV 108.1 MPH)
Batting: RHB Nick McGhee 0-0: Called Strike
0-1: Ball
1-1: Swinging Strike
1-2: Ball
2-2: Strikes out swinging
Top of the 5th over - 0 runs, 1 hit, 0 errors, 1 left on base; Nolensville 0 - Monongahela 4
BOTTOM OF THE 5TH
Monongahela Monsters batting - Pitching for Nolensville Knights : RHP Joe Holland
Batting: LHB George Runnalls 0-0: Ball
1-0: Foul Ball, location: 2F
1-1: Ball
2-1: Ball
3-1: Base on Balls
Batting: RHB Adam Smith 0-0: Ball
1-0: Foul Ball, location: 2F
1-1: Ball
2-1: Foul Ball, location: 2F
2-2: Fly out, F3 (Popup, 3SF, EV 71.9 MPH)
Batting: SHB Roger Dorn 0-0: Ball
1-0: Ball
2-0: Called Strike
2-1: Reached on error, E6 (Groundball, 6, EV 82.5 MPH)
George Runnalls to second
Batting: LHB Alec Hall 0-0: Ball
1-0: Called Strike
1-1: Ball
2-1: Ball
3-1: Swinging Strike
3-2: Foul Ball, location: 2F
3-2: Fly out, F2 (Popup, 25F, EV 86.9 MPH)
Batting: RHB Roger Snodgrass 0-0: Called Strike
0-1: Ball
1-1: DOUBLE (Flyball, 89XD, EV 110.0 MPH)
George Runnalls scores
Roger Dorn to third
Batting: SHB Hélio Capriati 0-0: Called Strike
0-1: Ground out 4-3 (Groundball, 34, EV 86.9 MPH)
Bottom of the 5th over - 1 run, 1 hit, 1 error, 2 left on base; Nolensville 0 - Monongahela 5
TOP OF THE 6TH
Nolensville Knights batting - Pitching for Monongahela Monsters : RHP Kenny Aarnoutse
Batting: LHB Brian Harmon 0-0: Ball
1-0: Foul Ball, location: 2F
1-1: Foul Ball, location: 2F
1-2: Ball
2-2: SINGLE (Line Drive, 9S, EV 90.0 MPH)
Pitching: LHP Alfredo Córdova
Batting: RHB Omar Luoa 0-0: Called Strike
0-1: Grounds into double play, 5-4-3 (Groundball, 5, EV 102.5 MPH)
Batting: LHB Juan Jimínez 0-0: Ball
1-0: Ball
2-0: Foul Ball, location: 2F
2-1: Ball
3-1: Base on Balls
Batting: RHB Dave Maxwell 0-0: Ball
1-0: Called Strike
1-1: Ball
2-1: Called Strike
2-2: Fly out, F2 (Popup, 25F, EV 87.5 MPH)
Top of the 6th over - 0 runs, 1 hit, 0 errors, 1 left on base; Nolensville 0 - Monongahela 5
BOTTOM OF THE 6TH
Monongahela Monsters batting - Pitching for Nolensville Knights : RHP Joe Holland
Pitching: LHP Freddy Estrada
Batting: RHB Shao Qigang 0-0: TRIPLE (Flyball, 78XD, EV 95.0 MPH)
Batting: SHB Aubrey Magee 0-0: Ball
1-0: Swinging Strike
1-1: Foul Ball, location: 2F
1-2: Fly out, F4 (Popup, 4M, EV 61.2 MPH)
Batting: LHB Todd Hunter 0-0: Ball
1-0: Foul Ball, location: 2F
1-1: Ball
2-1: Ball
3-1: Swinging Strike
3-2: Strikes out swinging
Batting: LHB George Runnalls 0-0: Ground out 5-3 (Groundball, 6S, EV 69.4 MPH)
Bottom of the 6th over - 0 runs, 1 hit, 0 errors, 1 left on base; Nolensville 0 - Monongahela 5
TOP OF THE 7TH
Nolensville Knights batting - Pitching for Monongahela Monsters : LHP Alfredo Córdova
Batting: RHB Dale Goodman 0-0: Ball
1-0: Swinging Strike
1-1: SINGLE (Groundball, 6MD, EV 98.8 MPH)
Batting: RHB Ace Felder 0-0: Fielders Choice at 2nd, 4-6 (Groundball, 4, EV 102.5 MPH)
Batting: RHB Juan Perales 0-0: Ball
1-0: Ball
2-0: Ball
3-0: Called Strike
3-1: Base on Balls
Ace Felder to second
Batting: LHB Jorge Mateu 0-0: Ball
1-0: Foul Ball, location: 2F
1-1: Swinging Strike
1-2: Foul Ball, location: 2F
1-2: Ball
2-2: Foul Ball, location: 2F
2-2: Fly out, F8 (Flyball, 8LD, EV 85.6 MPH)
Batting: RHB Nick McGhee 0-0: Called Strike
0-1: Foul Ball, location: 2F
0-2: Ball
1-2: Strikes out swinging
Top of the 7th over - 0 runs, 1 hit, 0 errors, 2 left on base; Nolensville 0 - Monongahela 5
BOTTOM OF THE 7TH
Monongahela Monsters batting - Pitching for Nolensville Knights : LHP Freddy Estrada
Batting: RHB Adam Smith 0-0: Ball
1-0: Ball
2-0: Called Strike
2-1: Called Strike
2-2: SINGLE (Line Drive, 7S, EV 103.1 MPH)
Batting: SHB Roger Dorn 0-0: SINGLE (Groundball, 6MD, EV 100.6 MPH)
Adam Smith to second
Batting: LHB Alec Hall 0-0: SINGLE (Groundball, 34S, EV 71.2 MPH) (infield hit)
Adam Smith to third
Roger Dorn to second
Batting: RHB Roger Snodgrass 0-0: Ball
1-0: Ball
Wild Pitch!
Adam Smith scores
Roger Dorn to third
Alec Hall to second
2-0: Called Strike
2-1: Hit by Pitch
Batting: SHB Hélio Capriati 0-0: Called Strike
Balk!
Roger Dorn scores
Alec Hall to third
Roger Snodgrass to second
0-1: Foul Ball, location: 2F
0-2: Ball
1-2: Strikes out swinging
Batting: RHB Shao Qigang 0-0: Called Strike
0-1: Ball
1-1: Ground out 4-3 (Groundball, 4, EV 83.1 MPH)
Alec Hall scores
Roger Snodgrass to third
Pinch Hitting: LHB Ramiro Palmeiro 0-0: Called Strike
0-1: Ball
Wild Pitch!
Roger Snodgrass scores
1-1: Ground out 4-3 (Groundball, 4, EV 79.4 MPH)
Bottom of the 7th over - 4 runs, 3 hits, 0 errors, 0 left on base; Nolensville 0 - Monongahela 9
TOP OF THE 8TH
Nolensville Knights batting - Pitching for Monongahela Monsters : LHP Alfredo Córdova
Now in RF: Ramiro Palmeiro
Pinch Hitting: RHB Richard Theunen 0-0: Ball
1-0: Called Strike
1-1: Ball
2-1: Ground out 5-3 (Groundball, 56, EV 80.0 MPH)
Pinch Hitting: LHB Brenton Winston 0-0: Called Strike
0-1: Foul Ball, location: 2F
0-2: Strikes out swinging
Batting: LHB Juan Jimínez 0-0: Ball
1-0: Called Strike
1-1: Foul Ball, location: 2F
1-2: Ball
2-2: Strikes out swinging
Top of the 8th over - 0 runs, 0 hits, 0 errors, 0 left on base; Nolensville 0 - Monongahela 9
BOTTOM OF THE 8TH
Monongahela Monsters batting - Pitching for Nolensville Knights : LHP Freddy Estrada
Now at 3B: Richard Theunen
Now in RF: Brenton Winston
Batting: LHB Todd Hunter 0-0: Ball
1-0: Called Strike
1-1: SINGLE (Groundball, 5L, EV 103.1 MPH) (infield hit)
Batting: LHB George Runnalls 0-0: Ball
1-0: Ball
2-0: Foul Ball, location: 2F
2-1: Reached on error, E4 (Groundball, 4, EV 101.2 MPH)
Todd Hunter to second
Batting: RHB Adam Smith 0-0: Ball
1-0: Fly out, F9 (Flyball, 89D, EV 97.5 MPH)
Runner from 2nd tags up, SAFE at 3rd, no throw by RF
Batting: SHB Roger Dorn 0-0: Fly out, F7 (Flyball, 7, EV 90.0 MPH)
Runner from 3rd tags up, OUT at HOME! 7-2
Bottom of the 8th over - 0 runs, 1 hit, 1 error, 1 left on base; Nolensville 0 - Monongahela 9
TOP OF THE 9TH
Nolensville Knights batting - Pitching for Monongahela Monsters : LHP Alfredo Córdova
Pinch Hitting: RHB José García 0-0: Ball
1-0: Reached on error, E6 (Groundball, 6, EV 78.1 MPH)
Pitching: LHP Yasunobu Suisha
Pinch Hitting: LHB Mitchell Pate 0-0: Grounds into double play, 6-4-3 (Groundball, 6, EV 89.4 MPH)
Pinch Hitting: RHB Stu Taylor 0-0: Called Strike
0-1: Ball
1-1: Ball
2-1: Ground out 4-3 (Groundball, 4, EV 81.2 MPH)
Top of the 9th over - 0 runs, 0 hits, 1 error, 0 left on base; Nolensville 0 - Monongahela 9
Friday, March 26th, 2021 - OOTP Baseball 20.8 Build 74